Map: Winter Madness LE

Players

MaxPax - Winner!

  • Race: Protoss Protoss
  • Spawn Location: 5:00

Bunny

  • Race: Terran Terran
  • Spawn Location: 11:00

VOD

Have the link to the VOD?

Description

Time

  • Played on: Nov. 13, 2025, 5:17 a.m.
  • Length: 10:58
Show
View Real Time Build Order
Export as new Build Order

MaxPax Protoss - Winner!

Build Orders: 1 Gate Expand, Blink Stalkers 

Get SALT Encoding   

  12  0:00  Probe  
  13  0:12  Probe  
  14  0:16  Pylon  
  14  0:23  Probe  
  15  0:31  Probe  
  16  0:36  Gateway  
  16  0:39  Probe  
  16  0:45  Assimilator  
  17  0:51  Probe  
  18  1:03  Probe  
  19  1:15  Probe  
  20  1:23  Cybernetics Core  
  20  1:32  Nexus  
  20  1:35  Probe  
  21  1:42  Pylon  
  22  1:47  Probe  
  22  1:48  Assimilator  
  22  1:50  Adept  
  22  1:59  Probe  
  25  2:01  Warp Gate  
  25  2:11  Adept, Probe  
  28  2:23  Probe  
  28  2:29  Twilight Council  
  29  2:35  Probe  
  30  2:40  Stalker  
  30  2:41  Blink  
  30  2:44  Probe  
  33  2:47  Probe  
  34  2:53  Gateway  
  34  2:57  Probe  
  35  3:00  Probe  
  36  3:09  Probe  
  36  3:12  Probe  
  38  3:21  Robotics Facility  
  38  3:22  Probe  
  38  3:26  Probe  
  40  3:27  Gateway  
  40  3:33  Pylon  
  40  3:34  Probe  
  41  3:39  Probe  
  42  3:46  Probe  
  43  3:51  Probe  
  43  3:52  Stalker x2  
  43  3:55  Pylon  
  46  3:57  Assimilator  
  46  3:58  Probe  
  46  3:59  Warp Prism  
  47  4:03  Probe  
  50  4:11  Probe  
  51  4:18  Stalker  
  51  4:19  Stalker  
  55  4:27  Probe x2  
  55  4:30  Assimilator  
  54  4:39  Observer, Probe  
  54  4:41  Stalker  
  54  4:42  Stalker x2  
  62  4:53  Pylon  
  62  5:02  Probe  
  62  5:06  Probe  
  62  5:11  Stalker  
  62  5:12  Stalker x2  
  69  5:14  Probe  
  67  5:22  Probe  
  67  5:26  Templar Archives  
  67  5:27  Nexus, Probe  
  69  5:34  Charge  
  69  5:36  Probe  
  70  5:44  Psionic Storm  
  70  5:45  Pylon  
  70  5:46  Pylon  
  70  5:57  Pylon  
  70  6:03  Probe x2  
  72  6:06  Gateway  
  72  6:09  Gateway  
  72  6:12  Gateway  
  72  6:16  High Templar x2  
  78  6:24  Probe  
  77  6:25  Gateway  
  77  6:26  Probe, Gateway  
  77  6:31  High Templar  
  79  6:36  Probe  
  79  6:38  Probe  
  81  6:47  Probe  
  81  6:48  Probe  
  81  6:49  Zealot  
  81  6:51  Probe, High Templar, Immortal  
  88  6:59  Probe  
  88  7:00  Forge  
  93  7:02  Probe  
  94  7:09  High Templar, Zealot x4  
  94  7:12  Probe  
  94  7:13  Probe  
  94  7:14  Probe  
  107  7:21  Pylon  
  107  7:24  Probe  
  107  7:27  Probe  
  107  7:29  Probe  
  109  7:30  Pylon  
  109  7:35  Protoss Ground Weapons Level 1  
  109  7:36  Pylon  
  109  7:38  Observer  
  109  7:39  Probe  
  109  7:43  Nexus  
  111  7:45  Pylon  
  111  7:49  Robotics Bay  
  111  7:53  Zealot x3  
  111  7:54  Zealot  
  111  7:56  High Templar  
  111  7:57  Probe  
  122  8:04  Zealot x3  
  126  8:05  Probe  
  125  8:19  Warp Prism  
  115  8:24  Zealot x6  
  123  8:28  Archon  
  123  8:31  Probe  
  123  8:33  Probe  
  113  8:42  Colossus, Probe  
  113  8:44  Zealot x7  
  113  8:46  Probe  
  113  8:48  High Templar  
  129  8:49  Probe  
  129  8:54  Probe  
  129  8:57  Probe  
  129  9:01  Probe x2  
  132  9:05  High Templar x2  
  137  9:10  Photon Cannon  
  137  9:11  Shield Battery  
  137  9:13  Extended Thermal Lance  
  136  9:17  Zealot x4  
  136  9:22  Colossus  
  145  9:24  Probe  
  150  9:41  Pylon  
  150  9:43  Nexus  
  150  9:46  Zealot x3  
  150  9:47  Pylon  
  156  9:56  Robotics Facility  
  138  10:07  Zealot x8  
  154  10:18  Archon  
  150  10:26  Probe  
  150  10:27  Zealot x8  
  155  10:28  Probe  
Show
View Real Time Build Order
Export as new Build Order

Bunny Terran 

Build Orders: Reaper Expand 

Get SALT Encoding   

  12  0:00  SCV  
  13  0:12  SCV  
  14  0:17  Supply Depot  
  14  0:24  SCV  
  15  0:38  SCV  
  15  0:40  Barracks  
  16  0:42  Refinery  
  16  0:50  SCV  
  17  1:03  SCV  
  18  1:15  SCV  
  19  1:26  Reaper  
  19  1:27  Orbital Command  
  20  1:43  Command Center  
  20  1:48  Supply Depot  
  20  1:52  SCV  
  21  1:58  Marine  
  22  2:04  SCV  
  22  2:07  Factory  
  23  2:14  Bunker  
  23  2:16  Marine  
  23  2:17  SCV  
  23  2:22  Refinery  
  25  2:29  SCV  
  26  2:36  Barracks Reactor  
  26  2:41  SCV  
  27  2:51  Hellion  
  29  2:54  SCV  
  29  2:55  Starport  
  29  2:56  Orbital Command  
  30  3:06  SCV  
  30  3:12  Hellion  
  33  3:13  Marine x2  
  33  3:18  SCV  
  36  3:21  SCV  
  36  3:24  Supply Depot  
  37  3:30  SCV  
  37  3:32  Medivac  
  37  3:33  SCV  
  37  3:34  Widow Mine  
  43  3:41  Marine x2  
  45  3:49  SCV x2  
  45  3:54  Supply Depot  
  45  3:55  Factory Tech Lab  
  45  3:59  Barracks, Marine x2  
  45  4:01  SCV x2  
  45  4:02  Liberator  
  52  4:08  Engineering Bay  
  52  4:10  Refinery  
  52  4:14  SCV x2  
  54  4:17  Siege Tank  
  57  4:27  SCV x2  
  57  4:30  Marine x2  
  61  4:34  Supply Depot  
  59  4:47  SCV x2  
  59  4:48  Barracks, Terran Infantry Weapons Level 1  
  59  4:50  Refinery  
  59  4:51  Barracks Tech Lab  
  61  4:56  Marine, Siege Tank  
  61  4:57  Marine  
  66  5:01  SCV  
  66  5:02  SCV  
  68  5:07  Viking  
  68  5:11  Marine  
  70  5:18  Marine x2  
  70  5:19  Supply Depot  
  70  5:22  Stimpack  
  70  5:36  Supply Depot  
  70  5:37  Supply Depot  
  70  5:39  Factory Reactor  
  70  5:40  Marine x3  
  70  5:41  SCV x2  
  70  5:42  Combat Shield  
  75  5:43  Command Center  
  75  5:45  Starport Reactor  
  75  5:52  Marauder  
  75  5:53  SCV  
  75  5:55  Supply Depot  
  78  5:57  SCV  
  78  5:58  Marine x2  
  78  6:00  Marauder  
  78  6:03  Supply Depot  
  83  6:05  SCV  
  83  6:09  SCV  
  85  6:14  Marauder  
  85  6:16  Marine x2  
  89  6:20  Barracks  
  89  6:21  Barracks, Medivac  
  89  6:22  Medivac  
  89  6:25  Widow Mine  
  95  6:26  Widow Mine  
  97  6:36  Marine x2, Marauder x2  
  97  6:39  Supply Depot  
  103  6:42  Supply Depot  
  103  6:46  SCV x2  
  105  6:50  Widow Mine  
  105  6:51  Widow Mine  
  105  6:52  Supply Depot  
  109  6:55  Medivac x2  
  113  7:02  Orbital Command  
  113  7:05  Terran Infantry Armor Level 1  
  113  7:15  Missile Turret, SCV x2  
  105  7:16  Barracks Tech Lab  
  105  7:17  Barracks Reactor  
  105  7:18  Supply Depot  
  105  7:19  Marine, Marauder x2  
  110  7:27  Orbital Command  
  110  7:35  Supply Depot, Marine  
  110  7:36  Marauder  
  113  7:37  Marine  
  113  7:40  Marauder x2  
  113  7:41  SCV x2  
  116  7:50  Ghost Academy  
  116  7:53  SCV x2  
  116  7:54  SCV  
  116  7:55  Missile Turret  
  119  8:05  SCV x2  
  121  8:06  SCV  
  121  8:07  Marine x3, Marauder x2  
  121  8:08  Marauder  
  128  8:13  Missile Turret  
  112  8:20  SCV x3  
  112  8:24  Marine  
  112  8:25  Marine x3  
  96  8:31  Ghost x3  
  89  8:41  SCV x2  
  89  8:42  Marine  
  89  8:43  Marine x2  
  89  8:44  Medivac x2  
  89  8:47  Widow Mine  
  97  8:48  Orbital Command  
  97  8:50  Marine  
  95  9:02  SCV  
  101  9:07  Marine x3, Marauder x3  
  107  9:10  Widow Mine  
  107  9:11  Widow Mine  
  110  9:17  SCV x3  
  110  9:20  Medivac  
  110  9:22  Medivac  
  116  9:29  Marauder x2  
  120  9:34  Marauder  
  120  9:35  Marine x2  
  120  9:37  Marine x2  
  125  9:49  Ghost  
  125  9:50  Ghost  
  123  9:59  Marine x3, Marauder  
  114  10:00  Marine  
  114  10:05  SCV x3  
  111  10:09  Viking  
  111  10:10  Viking  
  107  10:19  Marine, Marauder x2  
  107  10:20  Marauder  
  114  10:28  Marine x2  
Tags
 
Add a new tag
Caveats
  • Supply blocks, unpowered buildings, or Contaminate may cause inaccurate times.
  • Supply counts are checked every 10 seconds.